 Dungeon Crawl Stone Soup version 0.31-a0-1154-gadca813884 (webtiles) character file.

Game seed: 13605416151034843887

683 Dirtsage the Changeling (level 7, -4/45 HPs)
             Began as an Octopode Shapeshifter on Dec 7, 2023.
             Was an Initiate of Gozag.
             Slain by Duvessa
             ... wielding a +1 short sword of speed
              (11 damage)
             ... on level 4 of the Dungeon.
             The game lasted 00:05:11 (3240 turns).

Dirtsage the Changeling (Octopode Shapeshifter)     Turns: 3240, Time: 00:05:12

Health: -4/45      AC:  1    Str: 13    XL:     7   Next: 61%
Magic:  7/7        EV: 17    Int: 12    God:    Gozag
Gold:   121        SH:  0    Dex: 14    Spells: 6/6 levels left

rFire   . .          .
                       - Unarmed
rCold   . . .        (shield currently unavailable)
rNeg    . . .        (helmet restricted)
rPois   +            (no amulet)
rElec   .            r - ring of flight
rCorr   .            P - ring of poison resistance
SInv    .            (no ring)
Will    .....        (no ring)
Stlth   +            (no ring)
HPRegen 0.27/turn    (no ring)
MPRegen 0.10/turn    (no ring)
                     (no ring)

%: no passive effects
@: flux-form, gold aura, flying, glowing
A: glow, contaminating, almost no armour, amphibious, 8 rings, camouflage 1,
gelatinous body 1, (nimble swimmer 1), tentacles
a: Begin Untransformation, Renounce Religion, Potion Petition, Call Merchant,
Bribe Branch


You were on level 4 of the Dungeon.
You worshipped Gozag.
Gozag was aware of your devotion.
You were something dangerously unstable.
You visited 2 branches of the dungeon, and saw 5 of its levels.

You collected 163 gold pieces.
You paid 42 gold pieces to Gozag.

Inventory:

Magical Staves
 v - a staff of fire
Jewellery
 h - an amulet of faith
 r - a ring of flight (left tentacle)
 P - a ring of poison resistance (right tentacle)
Talismans
 b - a beast talisman
 c - a flux talisman (active)
Scrolls
 i - a scroll of identify
 j - a scroll of silence
 m - a scroll of enchant armour
 q - a scroll of poison
Potions
 a - 2 potions of lignification
 d - 3 potions of brilliance {unknown}
 e - a potion of curing {unknown}
 f - 2 potions of attraction {unknown}
 g - 3 potions of haste {unknown}
 l - a potion of enlightenment {unknown}
 s - 2 potions of heal wounds {unknown}


   Skills:
 + Level 2.0 Fighting
 + Level 2.8 Dodging
 + Level 2.1 Stealth
 * Level 4.0 Unarmed Combat
 - Level 7.0 Shapeshifting


You had 6 spell levels left.
You didn't know any spells.
Your spell library contained the following spells:

 Spells                   Type           Power      Damage    Failure   Level
 Ensorcelled Hibernation  Hex/Ice        0%         N/A       45%         2
 Passwall                 Tmut/Erth      0%         N/A       45%         2
 Swiftness                Air            0%         N/A       69%         3
 Manifold Assault         Tloc           0%         N/A       97%         4
 Summon Lightning Spire   Summ/Air       0%         N/A       97%         4
 Lee's Rapid Deconstruct  Erth           0%         3d4*      100%        5
 Dispersal                Tloc           0%         N/A       100%        6
 Disjunction              Tloc           0%         N/A       100%        8
 Animate Armour           Summ/Erth      Unusable   N/A       N/A         4

Dungeon Overview and Level Annotations

Branches:
Dungeon (4/15)             Temple (1/1) D:4

Altars:
Cheibriados
Dithmenos
Elyvilon
Gozag
Hepliaklqana
Makhleb
Nemelex Xobeh
Okawaru
Ru
Sif Muna
Trog
Uskayaw
Wu Jian
Xom
Yredelemnul
Zin

Annotations:
D:2 1 runed translucent door, Crazy Yiuf
D:4 Dowan, Duvessa


Innate Abilities, Weirdness & Mutations

You are something dangerously unstable.
You glow with magical radiation, making you easy to see and hit.
Foes you strike become dangerously contaminated with magical radiation.
You are incapable of wielding weapons or throwing items.
You cannot wear most types of armour.
You are amphibious.
You can wear up to eight rings at the same time.
Your skin changes colour to match your surroundings (Stealth+).
Your rubbery body absorbs attacks. (AC +1, EV +1)
((You are camouflaged when in or above water. (Stealth+)))
You have tentacles for arms and can constrict up to eight enemies at once.


Message History

You constrict the hound, but do no damage.
The hound bites you. The hound misses you.
You take 1 damage, and have 41/45 hp.
You tentacle-slap the hound.
The hound shudders as magic cascades through it!!
You kill the hound!
Your Unarmed Combat skill increases to level 4!
You see here 6 gold pieces.
Dowan, Brother of Duvessa comes into view.
He is wielding a +0 dagger and wearing a +1 robe of cold resistance.
Dowan shouts!
You tentacle-slap Duvessa but do no damage.
Duvessa begins to glow.
You grab Duvessa. You squeeze Duvessa, but do no damage.
You constrict Duvessa, but do no damage.
Duvessa hits you with a +1 short sword of speed!
You take 10 damage, and have 31/45 hp.
MASSIVE DAMAGE!!
You are too injured to fight recklessly!
You are too injured to fight recklessly!
You are too injured to fight recklessly!
You tentacle-slap Duvessa.
Duvessa glows dangerously bright.
You squeeze Duvessa.
Duvessa is lightly wounded.
You constrict Duvessa.
Duvessa hits you with a +1 short sword of speed! x2
* * * LOW HITPOINT WARNING * * *
You take 24 damage, and have 7/45 hp.
MASSIVE DAMAGE!!
You tentacle-slap Duvessa but do no damage.
Duvessa shudders as magic cascades through her!
Duvessa twists and deforms.
You squeeze Duvessa.
Duvessa is heavily wounded.
You constrict Duvessa.
Dowan is distracted by your dazzling golden aura.
Duvessa barely misses you.
Dowan shouts!
You tentacle-slap Duvessa.
Duvessa begins to glow.
You squeeze Duvessa.
Duvessa is severely wounded.
You constrict Duvessa. Duvessa closely misses you.
Duvessa hits you with a +1 short sword of speed!
You die...
Your body crumbles into a pile of gold.

#######....#...##..##
#.....#....#...###+##
#.....###+###..##....
#...........#..##....
#...........#...+....
#...........#...#....
#...........#####+###
#...$####............
#...p#,,#............
#...e#,,#........)...
#....#,,#............
#....+,,#............
#....#,,#.......#####
#..e.#,.#########....
#....#,..............
#....#,,.............
*,,,,*,,*#.....##...#


You could see Duvessa (contam, misshapen) and Dowan.

Vanquished Creatures
  Grinder (D:3)
  Sigmund (D:3)
  An ogre (D:4)
  A scorpion (D:4)
  A hound (D:4)
  Jessica (D:3)
  3 gnolls (D:3)
  5 adders
  A worm (D:2)
  3 dart slugs
  An orc (D:3)
  An endoplasm (D:3)
  5 giant cockroaches
  7 hobgoblins
  2 jackals (D:1)
  5 kobolds
  7 quokkas
  5 ball pythons
  9 bats
  2 frilled lizards
  3 rats
65 creatures vanquished.

Notes
Turn   | Place    | Note
-------+----------+-------------------------------------------
     0 | D:1      | Dirtsage the Octopode Shapeshifter began the quest for the
                  | Orb.
     0 | D:1      | Reached XP level 1. HP: 13/13 MP: 1/1
   156 | D:1      | Reached XP level 2. HP: 18/18 MP: 2/2
   738 | D:2      | Reached skill level 4 in Shapeshifting
   738 | D:2      | Reached XP level 3. HP: 23/23 MP: 3/3
   923 | D:2      | Reached XP level 4. HP: 28/28 MP: 4/4
  1168 | D:2      | Found a runed translucent door.
  1169 | D:2      | Noticed Crazy Yiuf
  1485 | D:3      | Found a shadowy altar of Dithmenos.
  1486 | D:3      | Noticed Jessica
  1490 | D:3      | Killed Jessica
  1495 | D:3      | Reached skill level 5 in Shapeshifting
  1510 | D:3      | Noticed Sigmund
  1517 | D:3      | Killed Sigmund
  1518 | D:3      | Reached skill level 6 in Shapeshifting
  1518 | D:3      | Reached XP level 5. HP: 20/33 MP: 5/5
  1518 | D:3      | Reached XP level 6. HP: 23/38 MP: 6/6
  1613 | D:3      | Noticed Grinder
  1620 | D:3      | Killed Grinder
  1621 | D:3      | Reached skill level 7 in Shapeshifting
  1621 | D:3      | Reached XP level 7. HP: 19/43 MP: 7/7
  2037 | D:3      | Found a snail-covered altar of Cheibriados.
  2179 | D:3      | Found a glowing silver altar of Zin.
  2332 | D:4      | Reached skill level 1 in Stealth
  2767 | D:4      | Found a staircase to the Ecumenical Temple.
  2773 | Temple   | Entered the Ecumenical Temple
  2780 | Temple   | Became a worshipper of Gozag Ym Sagoz the Greedy
  3231 | D:4      | Noticed Duvessa
  3236 | D:4      | Noticed Dowan
  3240 | D:4      | Slain by Duvessa

Illustrated notes

Levels and vault maps discovered:
D:1:      roadster_arrival_rocket_small, layout_basic,
          chequers_serial_rivers_micro_a, nicolae_figureground_pulse
D:2:      layout_basic, minmay_misc_feat_iff, uniq_crazy_yiuf_cottage
D:3:      layout_basic, mainiacjoe_overflow_cross_hatched,
          mainiacjoe_overflow_alcove_4, nicolae_dithmenos_the_darkroom,
          nicolae_grassy_gnolls, uniq_sigmund, uniq_jessica, uniq_grinder
D:4:      layout_gridville, minmay_temple_entry_hall, uniq_duvessa
Temple:   cyrus_circular_temple

Skill      XL: |  1  2  3  4  5  6  7 |
---------------+----------------------+-----
Shapeshifting  | 4 6 7 |  7.0
Stealth        | 2 |  2.1
Fighting       | 2 |  2.0
Unarmed Combat | 4 |  4.0
Dodging        | |  2.8

Action                     |  1- 3 |  4- 6 |  7- 9 || total
---------------------------+-------+-------+-------++-------
  Melee: Unarmed           |    48 |    31 |    48 ||   127
         Constrict         |    19 |     8 |    15 ||    42
         Tentacles         |    14 |     6 |    17 ||    37
         Punch             |     1 |     1 |     2 ||     4
    Use: Scroll            |       |       |    12 ||    12
   Stab: Sleeping          |     6 |     2 |     5 ||    13
 Armour: Skin              |    13 |    11 |    28 ||    52
  Dodge: Dodged            |    24 |    14 |    26 ||    64
   Form: Flux              |       |       |     1 ||     1

Table legend: (Time is in decaauts)
 A = Elapsed time spent in this place.
 B = Non-inter-level travel time spent in this place.
 C = Inter-level travel time spent in this place.
 D = Time resting spent in this place.
 E = Time spent auto-exploring this place.
 F = Levels seen in this place.
 G = Mean time per level.
                   A        B        C        D        E       F      G
               +--------+--------+--------+--------+--------+-----+--------+
         Total |   3230 |   3159 |     71 |    155 |   2544 |   5 |  646.0 |
       Dungeon |   3216 |   3151 |     65 |    155 |   2544 |   4 |  804.0 |
        Temple |     14 |      8 |      6 |      0 |      0 |   1 |   14.0 |
               +--------+--------+--------+--------+--------+-----+--------+

Top non-repeatable levels by time:
     D:4: 937 daAuts
     D:3: 893 daAuts
     D:2: 810 daAuts
     D:1: 574 daAuts
  Temple: 14 daAuts
